 Dungeon Sprint DCSS version 0.28-a0-245-g639a1a48b9 (webtiles) character file.

Game seed: 6354436250300625157

124 MikeHunt the Carver (level 4, 0/61 HPs)
             Began as a Minotaur Gladiator on Aug 24, 2021.
             Slain by a +2 scimitar of holy wrath (10 damage)
             ... in the Dungeon (Sprint V: "Ziggurat Sprint").
             The game lasted 00:01:11 (70 turns).

MikeHunt the Carver (Minotaur Gladiator)              Turns: 70, Time: 00:01:11

Health: 0/61       AC: 16    Str: 19    XL:     4   Next: 81%
Magic:  3/3        EV:  9    Int:  5    God:
Gold:   0          SH:  0    Dex: 12    Spells: 3/3 levels left

rFire   . . .      SeeInvis .   D - +7 Screaming Sword {vorpal, sonic wave}
rCold   . . .      Faith    .   (no shield)
rNeg    . . .      Spirit   .   G - +5 storm dragon scales
rPois   .          Reflect  .   c - +0 hat
rElec   +          Harm     .   (no cloak)
rCorr   .          Rampage  .   (no gloves)
Will    .....      NoTele   +   (no boots)
Stlth   ..........              (no amulet)
HPRegen 0.20/turn               (no ring)
MPRegen 0.08/turn               (no ring)

@: berserking, very quick
A: horns 2, retaliatory headbutt
a: no special abilities


You were in the Dungeon.
You visited 1 branch

Inventory:

Hand Weapons
 a - a +0 long sword
 D - the +7 Screaming Sword (weapon) {vorpal, sonic wave}
   (You found it in the Dungeon)

   It inflicts extra damage upon your enemies.
   It radiates damaging sonic waves as it strikes, especially in combat
   involving dangerous or numerous foes.
Missiles
 d - 3 throwing nets (quivered)
Armour
 b - a +0 leather armour
 c - a +0 hat (worn)
 E - +5 fire dragon scales
 F - +5 ice dragon scales
 G - +5 storm dragon scales (worn)
 H - +5 shadow dragon scales
 I - +5 gold dragon scales
 J - a +5 crystal plate armour
 K - a +5 plate armour
 L - a +3 kite shield
 M - a +3 tower shield
 N - a +3 buckler
Jewellery
 t - a ring of flight
 u - a +6 ring of dexterity
 v - a +6 ring of dexterity
 w - a +6 ring of intelligence
 x - a +6 ring of intelligence
 y - a +6 ring of strength
 z - a +6 ring of strength
Wands
 A - a wand of mindburst (7)
 B - a wand of iceblast (7)
 C - a wand of acid (7)
Scrolls
 j - 4 scrolls of blinking
 p - 7 scrolls of fog
 q - 5 scrolls of identify
 r - 2 scrolls of fear
Potions
 e - 10 potions of curing
 f - 9 potions of heal wounds
 g - 6 potions of haste
 h - 7 potions of magic
 i - 2 potions of berserk rage
 k - 2 potions of brilliance
 l - 2 potions of invisibility
 m - 4 potions of resistance
 o - 5 potions of might
Miscellaneous
 s - a lightning rod (4/4)


   Skills:
 + Level 4.8 Fighting
 + Level 8.4 Long Blades
 - Level 2.0 Throwing
 + Level 3.9 Armour
 + Level 5.0 Dodging
 + Level 7.4 Shields
 + Level 0.0 Evocations


You had 3 spell levels left.
You didn't know any spells.
Your spell library was empty.

Dungeon Overview and Level Annotations

Branches:
Dungeon (1/1)

Altars:
Ashenzari
Cheibriados
Dithmenos
Elyvilon
Fedhas
Gozag
Hepliaklqana
Kikubaaqudgha
Makhleb
Nemelex Xobeh
Okawaru
Qazlal
Ru
Sif Muna
Trog
Uskayaw
Vehumet
Wu Jian
Xom
Yredelemnul
Zin
The Shining One
Beogh
Jiyva
Lugonu

Annotations:
D 1 transporter


Innate Abilities, Weirdness & Mutations

You have a pair of horns on your head.
You reflexively headbutt those who attack you in melee.


Message History

You send a blast of sound all around you.
The scorpions are blasted.
You kill the scorpion! x2
Your Fighting skill gained 2 levels and is now at level 4!
Your Long Blades skill increases to level 8!
Your Armour skill gained 3 levels and is now at level 3!
Your Dodging skill gained 2 levels and is now at level 5!
Your Shields skill increases to level 7!
You have reached level 3!
Your experience leads to an increase in your attributes!
Increase (S)trength, (I)ntelligence, or (D)exterity?
You feel agile.
You have reached level 4!
You feel stronger.
You see here a scorpion corpse.
You see here the +8 morningstar of Hijikli {holy, *Noise Str+4 Int+4}.
Unknown command.
There is a transporter here.
Welcome to arena 2.
You enter the transporter and appear at another place.
A dancing weapon, a fire elemental and a deep elf pyromancer come into view.
There is a +2 scimitar of holy wrath.
The deep elf pyromancer shouts!
Found three items.
Found a transporter.
Okay, then.
Unknown command.
The +2 scimitar of holy wrath hits you!!
Ouch! That really hurt!
You feel much better. The +2 scimitar of holy wrath hits you!
The fire elemental barely misses you. You furiously retaliate!
You headbutt the fire elemental.
You riposte.
You hit the fire elemental but do no damage.
The fire elemental is lightly damaged.
A red film seems to cover your vision as you go berserk!
You feel yourself moving faster!
You feel mighty!
The +2 scimitar of holy wrath hits you!!
The fire elemental hits you. The fire elemental burns you!
* * * LOW HITPOINT WARNING * * *
The +2 scimitar of holy wrath hits you!
You die...

▓▓▓▓▓▓▓▓▓▓▓▓▓
▓.8©8.▓.8©8.▓
▓.:°).▓.....▓
▓.....▓.).[.▓
▓.....▓.†...▓
▓..E(e▓.....▓
▓...@.▓..©..▓
▓..©..▓▓▓▓▓▓▓
▓▓▓▓▓▓▓


You could see a deep elf pyromancer, a fire elemental and a +2 scimitar of holy
wrath.

Vanquished Creatures
  2 scorpions (D)
2 creatures vanquished.

Notes
Turn   | Place    | Note
-------+----------+-------------------------------------------
     0 | D        | MikeHunt the Minotaur Gladiator began the quest for the
                  | Orb.
     0 | D        | Reached XP level 1. HP: 18/18 MP: 0/0
     0 | D        | Found a shimmering blue altar of Sif Muna.
     0 | D        | Found a sacrificial altar of Ru.
     0 | D        | Found a bloodstained altar of Trog.
     0 | D        | Found a stormy altar of Qazlal.
     0 | D        | Found an iron altar of Okawaru.
     0 | D        | Found a sparkling altar of Nemelex Xobeh.
     0 | D        | Found a blossoming altar of Fedhas.
     0 | D        | Found the +6 Majin-Bo {vamp, MP+6 Int+6}
     0 | D        | Found the +9 heavy crossbow "Sniper" {vorpal, Acc+∞ SInv}
     0 | D        | Found the +10 dark maul {vorpal}
     0 | D        | Found the +15 Maxwell's patent armour {-Cast -Tele rElec
                  | Will+ rCorr}
     0 | D        | Found the +18 shield of the Gong {rElec rN+ Will+ EV-5}
     0 | D        | Found the +14 obsidian axe {vorpal, Drain Fly SInv}
     0 | D        | Found the +7 great mace "Firestarter" {inner flame, rF++}
     0 | D        | Found the +6 shillelagh "Devastator" {shatter}
     0 | D        | Found the +11 plutonium sword {Contam Stlth-}
     0 | D        | Found the +8 lance "Wyrmbane" {slay drac, rPois rF+ rC+
                  | AC+3}
     0 | D        | Found the +9 sword of Zonguldrok {reap}
     0 | D        | Found the +13 scythe of Curses {drain, Drain}
     0 | D        | Found the +5 sword of Power {vorpal}
     0 | D        | Found the +7 mace of Variability {chain chaos}
     0 | D        | Found the +7 Singing Sword {vorpal, sonic wave}
     0 | D        | Found the +8 storm bow {elec, penet}
     2 | D        | Found a transporter.
     2 | D        | Found an ancient bone altar of Kikubaaqudgha.
     2 | D        | Found a viscous altar of Jiyva.
     2 | D        | Found a corrupted altar of Lugonu.
     2 | D        | Found a hazy altar of Hepliaklqana.
     2 | D        | Found a burning altar of Makhleb.
     2 | D        | Found an opulent altar of Gozag.
    47 | D        | Reached skill level 7 in Long Blades
    47 | D        | Reached XP level 2. HP: 25/25 MP: 1/1
    60 | D        | Entered arena 2.
    60 | D        | Noticed a scorpion
    60 | D        | Noticed a scorpion
    60 | D        | Found a transporter.
    62 | D        | Killed a scorpion
    62 | D        | Killed a scorpion
    63 | D        | Reached skill level 8 in Long Blades
    63 | D        | Reached skill level 5 in Dodging
    63 | D        | Reached XP level 3. HP: 35/35 MP: 2/2
    63 | D        | Reached XP level 4. HP: 41/41 MP: 3/3
    67 | D        | Entered arena 3.
    67 | D        | Noticed a deep elf pyromancer
    67 | D        | Noticed a fire elemental
    67 | D        | Noticed a +2 scimitar of holy wrath
    67 | D        | Found a transporter.
    70 | D        | Slain by a +2 scimitar of holy wrath

Illustrated notes

Levels and vault maps discovered:
D:        sprint_v [room_start, room_1, room_2, room_3, room_4, room_5, room_6,
          room_7, room_8, room_9, room_10, room_11, room_12, room_13, room_14,
          room_15, room_16, room_17, room_18, room_19, room_20, room_21,
          room_22, room_23, room_24, room_25, room_26, room_27]

Skill      XL: |  1  2 |
---------------+-------+-----
Long Blades    | 7 8 |  8.4
Shields        | 6 7 |  7.4
Fighting       | 4 |  4.8
Armour         | 3 |  3.9
Dodging        | 5 |  5.0
Throwing       | |  2.0

Action                   |  1- 3 |  4- 6 || total
-------------------------+-------+-------++-------
Melee: Double sword      |     1 |       ||     1
  Use: Potion            |     1 |     2 ||     3
Armor: Storm dragon scal |     2 |     1 ||     3
Dodge: Dodged            |       |     1 ||     1
       Rpst.: Double sword |       |     1 ||     1

Table legend: (Time is in decaauts)
 A = Elapsed time spent in this place.
 B = Non-inter-level travel time spent in this place.
 C = Inter-level travel time spent in this place.
 D = Time resting spent in this place.
 E = Time spent auto-exploring this place.
 F = Levels seen in this place.
 G = Mean time per level.
                   A        B        C        D        E       F      G
               +--------+--------+--------+--------+--------+-----+--------+
         Total |     69 |     69 |      0 |      0 |      0 |   1 |   69.0 |
       Dungeon |     69 |     69 |      0 |      0 |      0 |   1 |   69.0 |
               +--------+--------+--------+--------+--------+-----+--------+

Top non-repeatable levels by time:
       D: 69 daAuts
